 Dungeon Crawl Stone Soup version 0.31.0-2-g5a2aebc5c2 (webtiles) character file.

Game seed: 18015233738900282365

1384 Arctor the Shooter (level 8, -8/48 HPs)
             Began as a Kobold Hexslinger on Jan 21, 2024.
             Was a Follower of Fedhas.
             Mangled by Duvessa
             ... wielding a +2 rapier of flaming
              (23 damage)
             ... on level 5 of the Dungeon.
             The game lasted 00:07:16 (4914 turns).

Arctor the Shooter (Kobold Hexslinger)              Turns: 4914, Time: 00:07:17

Health: -8/48      AC:  7    Str: 12      XL:     8   Next: 99%
Magic:  14/14      EV: 17    Int: 12      God:    Fedhas [*.....]
Gold:   13         SH:  0    Dex: 18 (19) Spells: 4/15 levels left

rFire   + + +        a - +2 sling
rCold   . . .        (no shield)
rNeg    + + .        c - +0 robe
rPois   +            (no helmet)
rElec   .            m - +0 cloak
rCorr   .            u - +3 pair of gloves of Divine Intervention {*Corrode rPois rF+++ rN++}
SInv    .            (no boots)
Will    .....        i - amulet of magic regeneration
Stlth   +++          q - +4 ring of protection
HPRegen 0.28/turn    o - +6 ring of strength
MPRegen 0.54/turn

%: corrode self (3%), clarity
@: weak-willed, corroded, jinxed
A: small, no large weapons, nightstalker 3, clarity, dopey 1, wild magic 1
a: Renounce Religion


You were on level 5 of the Dungeon.
You worshipped Fedhas.
Fedhas was aware of your devotion.
You visited 1 branch of the dungeon, and saw 5 of its levels.

You collected 253 gold pieces.
You spent 240 gold pieces at shops.

Inventory:

Hand Weapons
 a - a +2 sling (weapon)
Armour
 c - a +0 robe (worn)
 l - a +1 pair of gloves
 m - a +0 cloak (worn)
 u - the +3 pair of gloves of Divine Intervention (worn) {*Corrode rPois rF+++ rN++}
   (You found it on level 4 of the Dungeon)

   rF+++:     It renders you almost immune to fire.
   rPois:     It protects you from poison rN++: It greatly protects you from
   negative energy.
   *Corrode:  It may corrode you when you take damage.
Magical Staves
 h - a staff of cold
 j - a staff of death
Jewellery
 f - a ring of flight
 i - an amulet of magic regeneration (around neck)
 o - a +6 ring of strength (right hand)
 p - a ring of ice
 q - a +4 ring of protection (left hand)
 t - a ring of resist corrosion
Talismans
 g - a maw talisman
Scrolls
 b - 2 scrolls of poison
 k - 3 scrolls of butterflies
 n - 3 scrolls of identify
 r - a scroll of amnesia
Potions
 d - a potion of attraction {unknown}
 e - 2 potions of curing
 s - a potion of brilliance


   Skills:
 + Level 4.5 Fighting
 + Level 5.9 Ranged Weapons
 + Level 5.3 Dodging
 + Level 4.0 Spellcasting
 + Level 4.9 Hexes
 + Level 4.0 Fire Magic
 + Level 2.1 Shapeshifting


You had 4 spell levels left.
You knew the following spells:

 Your Spells              Type           Power      Damage    Failure   Level
a - Jinxbite              Hex            36%        N/A       7%          2
b - Sigil of Binding      Hex            18%        N/A       13%         3
c - Tukima's Dance        Hex            18%        N/A       13%         3
d - Inner Flame           Hex/Fire       17%        N/A       16%         3

Your spell library contained the following spells:

 Spells                   Type           Power      Damage    Failure   Level
 Volatile Blastmotes      Fire/Tloc      18%        2d11      36%         3
 Cause Fear               Hex            9%         N/A       36%         4
 Cigotuvi's Dreadful Rot  Necr/Alch/Air  6%         N/A       41%         2
 Lesser Beckoning         Tloc           6%         N/A       41%         2
 Gell's Gravitas          Tloc           3%         N/A       63%         3
 Teleport Other           Tloc           3%         N/A       63%         3
 Dimensional Bullseye     Hex/Tloc       5%         N/A       69%         4
 Manifold Assault         Tloc           3%         N/A       95%         4
 Passage of Golubria      Tloc           3%         N/A       95%         4
 Yara's Violent Unravell  Hex/Alch       5%         3d4       95%         5
 Dispersal                Tloc           1%         N/A       100%        6
 Disjunction              Tloc           1%         N/A       100%        8
 Ignition                 Fire           7%         3d5       100%        8


Dungeon Overview and Level Annotations

Branches:
Dungeon (5/15)             Temple (0/1) D:5

Altars:
Ashenzari
Fedhas
Kikubaaqudgha
Wu Jian
Xom

Shops:
D:5 =!

Annotations:
D:5 3 runed translucent doors, Duvessa


Innate Abilities, Weirdness & Mutations

You are small and have problems with some larger weapons.
You are completely attuned to the shadows.
You possess an exceptional clarity of mind.
You are dopey. (Int -2)
Your spells are a little harder to cast, but a little more powerful.


Message History

Dowan is heavily wounded.
A giggling sprite leaps out and makes Dowan trip over his own feet.
Dowan is severely wounded.
Dowan closely misses you.
Dowan says, "Stay away from my face!"
Dowan hits you but does no damage.
You shoot a sling bullet. The sling bullet misses Dowan.
Dowan hits you but does no damage.
You shoot a sling bullet. The sling bullet closely misses Dowan.
A giggling sprite leaps out and makes Dowan trip over his own feet.
Dowan is almost dead.
The jinxing sprites lose interest in you.
Dowan misses you.
You shoot a sling bullet. The sling bullet hits Dowan.
Dowan is almost dead.
Duvessa hits you with a +2 rapier of flaming!
Duvessa burns you.
Your corrosive artefact corrodes you!
Dowan barely misses you.
Casting: Jinxbite (safe; 7% risk of failure)
Confirm with . or Enter, or press ? or * to list all spells.
You beckon some vexing sprites to accompany your attacks.
You feel your willpower being sapped.
Duvessa hits you with a +2 rapier of flaming!
Dowan points at you and mumbles some strange words.
The puff of flame hits you. You resist.
You shoot a sling bullet.
The sling bullet hits Dowan but does no damage.
Dowan is almost dead.
A giggling sprite leaps out and smacks Dowan with his own hand.
You kill Dowan!
Fedhas appreciates your contribution to the ecosystem.
Duvessa weeps, and shakes her weapon.
Duvessa goes berserk!
Duvessa hits you with a +2 rapier of flaming! x2
* * * LOW HITPOINT WARNING * * *
Your Fire Magic skill increases to level 4!
You shoot a sling bullet. The sling bullet barely misses Duvessa.
Duvessa hits you with a +2 rapier of flaming!!
You die...
Fedhas appreciates your contribution to the ecosystem.

*****,,,,,,,,,,,,*
****,,,,,,,,,,,,,,,,*
,,,*,,,,,**,,,,,,****
,,,*,,,,,**,.....#### ******
,,,*,,,,,++,.....##### *,,,,*
,,,*,,,,,**,.....$..## *,**+*****
,,,*,,,,,***..##.##..#**,,,,,,,,,
,,,,,,,,,+∩...##e##..+,,,,,,,,>,,
****,,,,,*##...)@....#***,,,,,,,,
*,,,,,+....##.##.!# *,,,,,,,,
****,,,,,**#..##.##..###*,,,,,,,,
,,,,*******#............*,,,,,,,,
,,,,,,,,,,*#.....#'####.******+**
,,,,*****,*#####.#...<#,,,,,,,,*
,,,,*****+** #.#....#,,,,,,,,*
*****,,,,,,** #.######,,,,,,,,*
** *,,,,,,,** #.#..,,,,,,,,,,,*


You could see Duvessa (berserk).

Vanquished Creatures
  Pikel (D:3)
  Menkaure (D:4)
  Edmund (D:4)
  A lemure (D:4)
  A bullfrog (D:4)
  A gnoll sergeant (D:5)
  2 scorpions (D:5)
  Dowan (D:5)
  2 howler monkeys (D:4)
  4 hounds
  10 gnolls
  4 adders
  A ribbon worm (D:4)
  An orc (D:4)
  4 endoplasms
  2 giant cockroaches
  9 goblins
  8 hobgoblins
  6 kobolds
  6 quokkas
  5 ball pythons
  8 bats
  3 frilled lizards
  5 rats
87 creatures vanquished.

Vanquished Creatures (others)
  A sleepcap (D:5)
  2 dart slugs (D:5)
3 creatures vanquished.

Grand Total: 90 creatures vanquished

Notes
Turn   | Place    | Note
-------+----------+-------------------------------------------
     0 | D:1      | Arctor the Kobold Hexslinger began the quest for the Orb.
     0 | D:1      | Reached XP level 1. HP: 12/12 MP: 2/2
    29 | D:1      | Noticed an electric eel
   123 | D:1      | Reached XP level 2. HP: 16/16 MP: 3/3
   428 | D:1      | Reached XP level 3. HP: 19/20 MP: 3/5
   577 | D:1      | Gained mutation: You are frail. (-10% HP) [potion of
                  | mutation]
   886 | D:2      | Got the Handbook of the Scorched Alembic
  1002 | D:2      | Reached XP level 4. HP: 20/23 MP: 6/6
  1859 | D:2      | Learned a level 2 spell: Jinxbite
  1863 | D:2      | Learned a level 3 spell: Sigil of Binding
  1888 | D:3      | Found a faded altar of an unknown god.
  2408 | D:3      | Found a blossoming altar of Fedhas.
  2441 | D:3      | Found an ancient bone altar of Kikubaaqudgha.
  2448 | D:3      | Became a worshipper of Fedhas Madash
  2521 | D:3      | Reached XP level 5. HP: 27/27 MP: 8/8
  2878 | D:4      | Found a shimmering altar of Xom.
  2916 | D:4      | Noticed a bullfrog
  2923 | D:4      | HP: 1/27 [bullfrog (7)]
  2927 | D:4      | Killed a bullfrog
  2928 | D:4      | Reached XP level 6. HP: 6/32 MP: 9/9
  3004 | D:4      | Noticed Edmund
  3020 | D:4      | Killed Edmund
  3133 | D:4      | Noticed Menkaure
  3144 | D:4      | Killed Menkaure
  3144 | D:4      | Reached * piety under Fedhas
  3145 | D:4      | Reached XP level 7. HP: 5/36 MP: 11/11
  3299 | D:4      | Found a broken altar of Ashenzari.
  3387 | D:4      | Learned a level 3 spell: Tukima's Dance
  3603 | D:4      | Found an ornate altar of the Wu Jian Council.
  3740 | D:4      | Identified the +3 pair of gloves of Divine Intervention
                  | {*Corrode rPois rF+++ rN++}
  3752 | D:4      | Lost mutation: You are frail. (-10% HP) [potion of
                  | mutation]
  3752 | D:4      | Gained mutation: You are dopey. (Int -2) [potion of
                  | mutation]
  3752 | D:4      | Gained mutation: Your spells are a little harder to cast,
                  | but a little more powerful. [potion of mutation]
  3752 | D:4      | Gained mutation: You possess an exceptional clarity of
                  | mind. [potion of mutation]
  3927 | D:4      | Noticed Pikel
  4068 | D:3      | Killed Pikel
  4069 | D:3      | Reached skill level 5 in Ranged Weapons
  4069 | D:3      | Reached skill level 5 in Dodging
  4069 | D:3      | Reached skill level 1 in Shapeshifting
  4069 | D:3      | Reached XP level 8. HP: 19/48 MP: 11/13
  4368 | D:5      | Entered Level 5 of the Dungeon
  4376 | D:5      | Found Iriuguna's Jewellery Shoppe.
  4385 | D:5      | Noticed Dowan
  4386 | D:5      | Noticed Duvessa
  4528 | D:4      | Learned a level 3 spell: Inner Flame
  4777 | D:5      | Found a runed translucent gate.
  4778 | D:5      | Found a runed translucent gate.
  4779 | D:5      | Found a runed translucent gate.
  4842 | D:5      | Found Weg Inav's Distillery.
  4899 | D:5      | Bought a ring of resist corrosion for 240 gold pieces
  4913 | D:5      | Killed Dowan
  4914 | D:5      | Mangled by Duvessa

Illustrated notes

Levels and vault maps discovered:
D:1:      arrival_aquarium_a, layout_loops_ring
D:2:      layout_loops_corners, amethyst_killhole
D:3:      layout_rooms, grunt_temple_overflow_growth_and_decay,
          nicolae_ecumenical_pavilion, hex_large
D:4:      layout_loops_cross, mainiacjoe_overflow_paths,
          nicolae_wu_jian_glorious_leap, mainiacjoe_overflow_boulevard,
          uniq_edmund, uniq_pikel, uniq_menkaure
D:5:      layout_basic, minmay_temple_entry_enclosed_plants,
          gammafunk_ghost_icy, serial_shops, kennysheep_mini_moat,
          nicolae_shop_gaudy_bauble, shop, shop, nicolae_shop_gibbet_a_chance,
          uniq_duvessa

Skill      XL: |  1  2  3  4  5  6  7  8 |
---------------+-------------------------+-----
Ranged Weapons | 3 4 5 |  5.9
Dodging        | 3 4 5 |  5.3
Fighting       | 2 3 4 |  4.5
Spellcasting   | 2 3 4 |  4.0
Fire Magic     | 2 3 4 |  4.0
Hexes          | 4 |  4.9
Shapeshifting  | 1 2 |  2.1

Action                     |  1- 3 |  4- 6 |  7- 9 || total
---------------------------+-------+-------+-------++-------
   Fire: Sling             |    88 |   135 |   134 ||   357
   Cast: Jinxbite          |       |     9 |    15 ||    24
    Use: Scroll            |     3 |     3 |     2 ||     8
         Potion            |     1 |     3 |     4 ||     8
 Armour: Robe              |    26 |    41 |    63 ||   130
  Dodge: Dodged            |    57 |    93 |    86 ||   236
